Map: Ruby Rock LE

Players

zzzlife - Winner!

  • Race: Protoss Protoss
  • League: Diamond

喜欢在下面

  • Race: Zerg Zerg

zzzlife - Winner!

  • Race: Protoss Protoss
  • League: Diamond

喜欢在下面

  • Race: Zerg Zerg

VOD

Have the link to the VOD?

Description

Time

  • Played on: Feb. 25, 2026, 9:36 p.m.
  • Length: 7:45
Show
View Real Time Build Order
Export as new Build Order

zzzlife Protoss - Winner!

Build Orders: 1 Gate Expand, Carrier Rush 

Get SALT Encoding   

  12  0:01  Probe  
  13  0:14  Probe  
  14  0:21  Pylon  
  14  0:26  Probe  
  15  0:39  Probe  
  15  0:40  Gateway  
  16  0:45  Assimilator  
  16  0:51  Probe  
  17  1:04  Probe  
  18  1:16  Probe  
  19  1:28  Probe  
  20  1:36  Cybernetics Core  
  20  1:40  Probe  
  20  1:44  Nexus  
  21  1:50  Zealot  
  23  1:57  Pylon  
  23  2:01  Assimilator  
  23  2:15  Probe  
  24  2:17  Gateway  
  24  2:27  Probe  
  25  2:30  Stargate  
  25  2:35  Warp Gate  
  25  2:38  Zealot  
  25  2:39  Probe  
  28  2:51  Probe  
  29  2:59  Probe  
  29  3:03  Probe  
  31  3:11  Probe  
  32  3:12  Assimilator  
  32  3:15  Probe  
  33  3:23  Fleet Beacon, Probe  
  34  3:27  Probe  
  34  3:33  Pylon  
  35  3:36  Probe  
  36  3:42  Zealot  
  36  3:44  Zealot  
  36  3:46  Probe  
  41  3:50  Probe  
  42  3:57  Carrier  
  42  4:01  Probe, Forge  
  42  4:02  Probe  
  50  4:18  Probe  
  52  4:28  Zealot  
  52  4:29  Protoss Ground Weapons Level 1  
  52  4:30  Probe  
  54  4:33  Pylon  
  54  4:35  Pylon  
  54  4:55  Gateway x2, Zealot x2  
  58  5:08  Carrier  
  64  5:18  Twilight Council, Zealot  
  66  5:22  Zealot  
  66  5:24  Charge  
  68  5:33  Assimilator  
  68  5:41  Zealot  
  70  5:51  Pylon  
  70  5:52  Pylon  
  70  5:54  Pylon  
  70  6:10  Zealot x4  
  78  6:14  Carrier  
  84  6:30  Zealot  
  84  6:31  Sentry  
  88  6:45  Zealot x2  
  92  7:04  Zealot  
  72  7:32  Zealot x4  
Show
View Real Time Build Order
Export as new Build Order

喜欢在下面 Zerg 

Build Orders: Hatch First 

Get SALT Encoding   

  12  0:00  Drone  
  13  0:08  Drone  
  14  0:17  Overlord  
  14  0:35  Drone x3  
  17  0:46  Drone  
  18  0:55  Hatchery  
  17  0:57  Drone  
  17  1:00  Extractor  
  17  1:09  Drone  
  18  1:16  Spawning Pool  
  17  1:19  Drone  
  18  1:31  Drone  
  19  1:40  Overlord  
  19  1:52  Drone  
  20  2:03  Queen  
  20  2:07  Drone  
  23  2:09  Drone  
  23  2:10  Queen  
  26  2:24  Drone  
  26  2:25  Drone x2  
  29  2:36  Drone x2  
  31  2:40  Hatchery  
  30  2:45  Drone  
  30  2:46  Drone  
  32  2:55  Drone x2  
  34  3:01  Overlord  
  34  3:07  Drone  
  34  3:11  Overlord  
  35  3:17  Drone  
  36  3:21  Queen  
  36  3:23  Metabolic Boost  
  38  3:28  Drone x5, Roach Warren  
  42  3:39  Drone x3  
  42  3:41  Lair  
  45  3:46  Spore Crawler  
  45  3:48  Spore Crawler  
  43  3:49  Drone x2  
  45  3:57  Extractor  
  45  4:00  Queen  
  46  4:03  Queen  
  46  4:07  Extractor x2, Drone x2  
  46  4:08  Drone  
  49  4:14  Drone x4  
  53  4:17  Overlord  
  53  4:38  Drone x3  
  56  4:39  Drone  
  56  4:41  Drone  
  56  4:42  Drone  
  56  4:43  Drone  
  56  4:44  Drone x2  
  56  4:45  Drone x2  
  64  4:55  Hatchery  
  64  4:59  Hydralisk Den  
  62  5:09  Drone  
  62  5:11  Drone x2  
  62  5:12  Drone  
  66  5:15  Extractor x2  
  66  5:16  Spore Crawler  
  66  5:20  Spine Crawler  
  62  5:36  Hatchery  
  61  5:50  Overlord  
  61  5:52  Overlord  
  61  5:53  Overlord  
  61  5:54  Overlord  
  61  5:55  Overlord x2  
  61  6:08  Hydralisk  
  61  6:09  Hydralisk x8  
  79  6:11  Overlord  
  79  6:13  Overlord  
  79  6:16  Hydralisk x5  
  79  6:18  Zergling x12  
  95  6:27  Baneling Nest  
  95  6:29  Drone x6, Spire  
  99  6:36  Drone x5  
  104  6:52  Hydralisk  
  104  6:53  Hydralisk x5  
  114  7:03  Hydralisk x3  
Show
View Real Time Build Order
Export as new Build Order

zzzlife Protoss - Winner!

Build Orders: 1 Gate Expand, Carrier Rush 

Get SALT Encoding   

  12  0:01  Probe  
  13  0:14  Probe  
  14  0:21  Pylon  
  14  0:26  Probe  
  15  0:39  Probe  
  15  0:40  Gateway  
  16  0:45  Assimilator  
  16  0:51  Probe  
  17  1:04  Probe  
  18  1:16  Probe  
  19  1:28  Probe  
  20  1:36  Cybernetics Core  
  20  1:40  Probe  
  20  1:44  Nexus  
  21  1:50  Zealot  
  23  1:57  Pylon  
  23  2:01  Assimilator  
  23  2:15  Probe  
  24  2:17  Gateway  
  24  2:27  Probe  
  25  2:30  Stargate  
  25  2:35  Warp Gate  
  25  2:38  Zealot  
  25  2:39  Probe  
  28  2:51  Probe  
  29  2:59  Probe  
  29  3:03  Probe  
  31  3:11  Probe  
  32  3:12  Assimilator  
  32  3:15  Probe  
  33  3:23  Fleet Beacon, Probe  
  34  3:27  Probe  
  34  3:33  Pylon  
  35  3:36  Probe  
  36  3:42  Zealot  
  36  3:44  Zealot  
  36  3:46  Probe  
  41  3:50  Probe  
  42  3:57  Carrier  
  42  4:01  Probe, Forge  
  42  4:02  Probe  
  50  4:18  Probe  
  52  4:28  Zealot  
  52  4:29  Protoss Ground Weapons Level 1  
  52  4:30  Probe  
  54  4:33  Pylon  
  54  4:35  Pylon  
  54  4:55  Gateway x2, Zealot x2  
  58  5:08  Carrier  
  64  5:18  Twilight Council, Zealot  
  66  5:22  Zealot  
  66  5:24  Charge  
  68  5:33  Assimilator  
  68  5:41  Zealot  
  70  5:51  Pylon  
  70  5:52  Pylon  
  70  5:54  Pylon  
  70  6:10  Zealot x4  
  78  6:14  Carrier  
  84  6:30  Zealot  
  84  6:31  Sentry  
  88  6:45  Zealot x2  
  92  7:04  Zealot  
  72  7:32  Zealot x4  
Show
View Real Time Build Order
Export as new Build Order

喜欢在下面 Zerg 

Build Orders: Hatch First 

Get SALT Encoding   

  12  0:00  Drone  
  13  0:08  Drone  
  14  0:17  Overlord  
  14  0:35  Drone x3  
  17  0:46  Drone  
  18  0:55  Hatchery  
  17  0:57  Drone  
  17  1:00  Extractor  
  17  1:09  Drone  
  18  1:16  Spawning Pool  
  17  1:19  Drone  
  18  1:31  Drone  
  19  1:40  Overlord  
  19  1:52  Drone  
  20  2:03  Queen  
  20  2:07  Drone  
  23  2:09  Drone  
  23  2:10  Queen  
  26  2:24  Drone  
  26  2:25  Drone x2  
  29  2:36  Drone x2  
  31  2:40  Hatchery  
  30  2:45  Drone  
  30  2:46  Drone  
  32  2:55  Drone x2  
  34  3:01  Overlord  
  34  3:07  Drone  
  34  3:11  Overlord  
  35  3:17  Drone  
  36  3:21  Queen  
  36  3:23  Metabolic Boost  
  38  3:28  Drone x5, Roach Warren  
  42  3:39  Drone x3  
  42  3:41  Lair  
  45  3:46  Spore Crawler  
  45  3:48  Spore Crawler  
  43  3:49  Drone x2  
  45  3:57  Extractor  
  45  4:00  Queen  
  46  4:03  Queen  
  46  4:07  Extractor x2, Drone x2  
  46  4:08  Drone  
  49  4:14  Drone x4  
  53  4:17  Overlord  
  53  4:38  Drone x3  
  56  4:39  Drone  
  56  4:41  Drone  
  56  4:42  Drone  
  56  4:43  Drone  
  56  4:44  Drone x2  
  56  4:45  Drone x2  
  64  4:55  Hatchery  
  64  4:59  Hydralisk Den  
  62  5:09  Drone  
  62  5:11  Drone x2  
  62  5:12  Drone  
  66  5:15  Extractor x2  
  66  5:16  Spore Crawler  
  66  5:20  Spine Crawler  
  62  5:36  Hatchery  
  61  5:50  Overlord  
  61  5:52  Overlord  
  61  5:53  Overlord  
  61  5:54  Overlord  
  61  5:55  Overlord x2  
  61  6:08  Hydralisk  
  61  6:09  Hydralisk x8  
  79  6:11  Overlord  
  79  6:13  Overlord  
  79  6:16  Hydralisk x5  
  79  6:18  Zergling x12  
  95  6:27  Baneling Nest  
  95  6:29  Drone x6, Spire  
  99  6:36  Drone x5  
  104  6:52  Hydralisk  
  104  6:53  Hydralisk x5  
  114  7:03  Hydralisk x3  
Tags
 
Add a new tag
Caveats
  • Supply blocks, unpowered buildings, or Contaminate may cause inaccurate times.
  • Supply counts are checked every 10 seconds.